 Dungeon Crawl Stone Soup version 0.28.0-47-ge53b351184 (webtiles) character file.

Game seed: 7100630372658337370

1531 mortz the Conjurer (level 8, -1/60 HPs)
             Began as a Purple Draconian Conjurer on May 6, 2022.
             Was an Initiate of Vehumet.
             Killed by divine providence
             ... invoked by an orc priest
              (16 damage)
             ... on level 7 of the Dungeon.
             The game lasted 00:44:37 (7918 turns).

mortz the Conjurer (Purple Draconian Conjurer)      Turns: 7918, Time: 00:44:38

Health: -1/60      AC: 11    Str: 10    XL:     8   Next: 55%
Magic:  1/16       EV: 13    Int: 25    God:    Vehumet [......]
Gold:   253        SH:  0    Dex: 14    Spells: 12/18 levels left

rFire   . . .      SeeInvis .   p - +1 mace of Royalism {freeze, Int+4 Dex+5, mace}
rCold   . . .      Faith    .   (no shield)
rNeg    . . .      Spirit   .   (armour unavailable)
rPois   .          Reflect  .   (helmet restricted)
rElec   .          Harm     .   o - +2 cloak
rCorr   .          Rampage  .   w - +0 pair of gloves
Will    +....                   y - +0 pair of boots
Stlth   ++........              (no amulet)
HPRegen 0.20/turn               i - +4 ring of slaying
MPRegen 0.15/turn               (no ring)

@: no status effects
A: breathe power, AC +6, unfitting armour, cold-blooded
a: Breathe Dispelling Energy, Renounce Religion


You were on level 7 of the Dungeon.
You worshipped Vehumet.
Vehumet was noncommittal.
You visited 1 branch of the dungeon, and saw 7 of its levels.

You collected 253 gold pieces.


Innate Abilities, Weirdness & Mutations

You can breathe bolts of dispelling energy.
Your rich purple scales are hard. (AC +6)
You cannot fit into any form of body armour.
You are cold-blooded and may be slowed by cold attacks.


   Skills:
 + Level 1.6 Fighting
 + Level 2.9 Maces & Flails
 + Level 3.2 Dodging
 + Level 3.4 Stealth
 + Level 5.5 Spellcasting
 + Level 6.1 Conjurations
 * Level 2.7 Translocations
 * Level 2.1 Air Magic
 * Level 4.1 Earth Magic
 * Level 1.8 Poison Magic


You had 12 spell levels left.
You knew the following spells:

 Your Spells              Type           Power      Damage    Failure   Level
a - Magic Dart            Conj           100%       1d8       1%          1
b - Searing Ray           Conj           74%        2d7       1%          2
c - Stone Arrow           Conj/Erth      64%        3d11      2%          3

Your spell library contained the following spells:

 Spells                   Type           Power      Damage    Failure   Level
 Mephitic Cloud           Conj/Pois/Air  23%        N/A       6%          3
 Dazzling Flash           Conj/Hex       44%        N/A       7%          3
 Call Imp                 Summ           6%         N/A       12%         2
 Iskenderun's Mystic Bla  Conj/Tloc      29%        2d7       13%         4
 Fulminant Prism          Conj/Hex       11%        3d9       22%         4
 Lehudib's Crystal Spear  Conj/Erth      16%        10d5      100%        8
 Animate Armour           Summ/Erth      Unusable   N/A       N/A         4

Inventory:

Hand Weapons
 c - a +5 flail of protection {mace}
   (You took it off an orc on level 6 of the Dungeon)
 n - a +1 dagger of venom {short}
   (You took it off an orc wizard on level 4 of the Dungeon)
 p - the +1 mace of Royalism (weapon) {freeze, Int+4 Dex+5, mace}
   (You found it on level 2 of the Dungeon)

   It freezes those it strikes, dealing additional cold damage.
   It can also slow down cold-blooded creatures.
   Int:       It affects your intelligence (+4).
   Dex:       It affects your dexterity (+5).
Missiles
 e - 90 stones {throwing}
 s - 6 poisoned darts {throwing}
Armour
 o - a +2 cloak (worn)
   (You took it off Crazy Yiuf on level 2 of the Dungeon)
 w - a +0 pair of gloves (worn)
   (You found it on level 4 of the Dungeon)
 y - a +0 pair of boots (worn)
   (You found it on level 5 of the Dungeon)
Jewellery
 i - a +4 ring of slaying (left hand)
   (You found it on level 3 of the Dungeon)
Wands
 b - a wand of flame (21)
   (You found it on level 6 of the Dungeon)
 t - a wand of polymorph (9)
   (You took it off a hobgoblin on level 4 of the Dungeon)
 v - a wand of digging (4)
   (You found it on level 6 of the Dungeon)
Scrolls
 a - a scroll of silence {unknown}
 f - 4 scrolls of immolation {!r!r}
 h - a scroll of brand weapon {unknown}
 l - a scroll of acquirement {unknown}
 m - a scroll of torment {unknown}
 x - a scroll of summoning {unknown}
 A - a scroll of blinking {unknown}
 B - a scroll of enchant weapon
Potions
 d - 2 potions of magic {unknown}
 g - a potion of flight {unknown}
 j - 3 potions of curing {@q1}
 k - 2 potions of mutation {unknown}
 q - a potion of berserk rage {unknown}
 u - a potion of haste {@q3}

Dungeon Overview and Level Annotations

Branches:
Dungeon (7/15)
 Temple: D:4-7

Altars:
Dithmenos
Fedhas
Gozag
Hepliaklqana
Vehumet

Annotations:
D:5 exclusion: downstairs

### #.. #.# #o# #.# #.#
###o#############
#.....o..@......#
#.......#######.#######
#.......#.....#.......#
#.......##.##.#<#####.#
#..........#..........#
#......########.#######
###.............#
###############


You could see an orc warrior and an orc priest.


Message History

Unknown command.
The orc wizard mumbles some strange words.
The orc wizard flickers and vanishes!
Deactivating autopickup; reactivate with Ctrl-A.
Aiming: Magic Dart (safe; 1% risk of failure)
Press: ? - help, Q - select action, (/) - cycle Shift-Dir - straight line, f - orc
Aim: an orc, wielding a +0 mace (100% to hit)
The magic dart hits something.
An orc priest comes into view. It is wielding a +0 mace. 😎 MP[-1]
You lost 1 mp, and now have 15/16 mp.
Casting: Magic Dart (safe; 1% risk of failure)
Confirm with . or Enter, or press ? or * to list all spells.
You can't see any susceptible monsters within range! (Use Z to cast anyway.) Unknown command.
Casting: Magic Dart (safe; 1% risk of failure)
Confirm with . or Enter, or press ? or * to list all spells.
Aiming: Stone Arrow (dangerous; 2% risk of failure)
Press: ? - help, Shift-Dir - straight line, p - orc 😎 MP[-3]
You lost 3 mp, and now have 12/16 mp.
Casting: Stone Arrow (dangerous; 2% risk of failure)
Confirm with . or Enter, or press ? or * to list all spells.
Aiming: Searing Ray (safe; 1% risk of failure)
Press: ? - help, Shift-Dir - straight line The searing ray hits something!
Vehumet accepts your kill.
Reactivating autopickup.
You feel a bit more experienced. (Press . to maintain the ray.)
An orc warrior comes into view. It is wielding a +0 glaive.
Your Air Magic skill increases to level 2! 😎 MP[-2]
You lost 2 mp, and now have 10/16 mp.
The searing ray hits the orc!
You kill the orc!
Vehumet accepts your kill. 😎 MP[-1]
You lost 1 mp, and now have 9/16 mp.
Aiming: Magic Dart (safe; 1% risk of failure)
Press: ? - help, Q - select action, (/) - cycle Shift-Dir - straight line, f - orc warrior
Aim: an orc warrior, wielding a +0 glaive and wearing a +0 plate armour (100% to hit)
The magic dart hits the orc warrior but does no damage. 😎 MP[-1]
You lost 1 mp, and now have 8/16 mp.
Aiming: Magic Dart (safe; 1% risk of failure)
Press: ? - help, Q - select action, (/) - cycle Shift-Dir - straight line, f/p - orc warrior
Aim: an orc warrior, wielding a +0 glaive and wearing a +0 plate armour (100% to hit)
The magic dart hits the orc warrior but does no damage. 😎 MP[-1]
You lost 1 mp, and now have 7/16 mp.
Casting: Magic Dart (safe; 1% risk of failure)
Confirm with . or Enter, or press ? or * to list all spells.
Aiming: Stone Arrow (dangerous; 2% risk of failure)
Press: ? - help, Shift-Dir - straight line, f/p - orc warrior
Aim: an orc warrior, wielding a +0 glaive and wearing a +0 plate armour (74% to hit)
The stone arrow hits the orc warrior!
The orc priest mumbles some strange prayers to Beogh against you.
Beogh smites you!
You hear a shout! 😮 HP[-15] MP[-2]
You take 15 damage, and now have 45/60 hp.
MASSIVE DAMAGE!! (PAUSE)
You lost 2 mp, and now have 5/16 mp.
Casting: Stone Arrow (dangerous; 2% risk of failure)
Confirm with . or Enter, or press ? or * to list all spells.
Aiming: Stone Arrow (dangerous; 2% risk of failure)
Press: ? - help, Shift-Dir - straight line, f/p - orc warrior
Aim: an orc warrior, wielding a +0 glaive and wearing a +0 plate armour (heavily wounded, 74% to hit)
The stone arrow hits the orc warrior!
The orc priest invokes the aid of Beogh against you.
Beogh smites you!
* * * LOW HITPOINT WARNING * * *
😨 HP[-15] MP[-3]
You take 15 damage, and now have 30/60 hp.
MASSIVE DAMAGE!! (PAUSE)
You lost 3 mp, and now have 2/16 mp.
Casting: Stone Arrow (dangerous; 2% risk of failure)
Confirm with . or Enter, or press ? or * to list all spells.
Aiming: Searing Ray (safe; 1% risk of failure)
Press: ? - help, Shift-Dir - straight line, f/p - orc warrior
Aim: an orc warrior, wielding a +0 glaive and wearing a +0 plate armour (almost dead, 81% to hit)
The searing ray hits the orc warrior. (Press . to maintain the ray.)
The orc warrior misses you. 😨 MP[-2]
You lost 2 mp, and now have 0/16 mp.
The orc warrior hits you from afar with a +0 glaive.
* * * LOW HITPOINT WARNING * * *
The orc priest calls down the wrath of Beogh upon you.
Beogh smites you!
* * * LOW HITPOINT WARNING * * *
😱 HP[-16]
You take 16 damage, and now have 14/60 hp.
MASSIVE DAMAGE!! (PAUSE) 😱 HP[+1] 😱 MP[+1]
The orc priest calls down the wrath of Beogh upon you.
Beogh smites you!
You die...

Skill      XL: |  1  2  3  4  5  6  7  8 |
---------------+-------------------------+-----
Dodging        | 2 3 |  3.2
Earth Magic    | 1 2 3 4 |  4.1
Stealth        | 2 3 |  3.4
Conjurations   | 5 6 |  6.1
Spellcasting   | 3 4 5 |  5.5
Maces & Flails | 1 2 |  2.9
Translocations | 2 |  2.7
Fighting       | 1 |  1.6
Poison Magic   | 1 |  1.8
Air Magic      | 2 |  2.1

Action                   |  1- 3 |  4- 6 |  7- 9 || total
-------------------------+-------+-------+-------++-------
Melee: Whip              |     7 |       |       ||     7
       Tailslap          |     1 |     1 |     6 ||     8
       Mace              |       |    21 |    30 ||    51
 Cast: Magic Dart        |    53 |    57 |    29 ||   139
       Searing Ray       |     7 |    38 |    12 ||    57
       Stone Arrow       |       |     4 |    22 ||    26
  Use: Scroll            |       |     2 |     4 ||     6
 Stab: Sleeping          |       |     3 |       ||     3
Armor: Skin              |     9 |    16 |    26 ||    51
Dodge: Dodged            |     7 |    24 |    27 ||    58

Levels and vault maps discovered:
D:1:      kilobyte_arrival_exit_the_forest, layout_loops_ring,
          hellmonk_ecumenical_altar_blasted
D:2:      layout_basic, uniq_crazy_yiuf_cottage
D:3:      layout_basic, hangedman_decor_growths
D:4:      cheibrodos_fertilizer, layout_loops_ring,
          nicolae_dithmenos_shadow_blocks,
          nicolae_hepliaklqana_ecumenical_no_more
D:5:      layout_rooms, overflow_temple_1_default
D:6:      layout_basic, mainiacjoe_overflow_swirl, serial_curves,
          eino_curves_03, eino_curves_01, uniq_grinder, uniq_sigmund
D:7:      layout_basic, nicolae_tso_besieged_by_evil,
          minmay_temple_entry_offerings, serial_shops, nicolae_shop_stone,
          uniq_duvessa

Notes
Turn   | Place    | Note
-------+----------+-------------------------------------------
     0 | D:1      | mortz the Draconian Conjurer began the quest for the Orb.
     0 | D:1      | Reached XP level 1. HP: 14/14 MP: 3/3
     0 | D:1      | magus.rc [v1.9.6]
   384 | D:1      | Reached XP level 2. HP: 20/20 MP: 3/5
   387 | D:1      | Learned a level 2 spell: Searing Ray
   514 | D:1      | Found a faded altar of an unknown god.
   567 | D:1      | You pick up a book of Armaments and begin reading...
   567 | D:1      | You add the spells Stone Arrow and Lehudib's Crystal Spear
                  | to your library.
  1260 | D:2      | Reached skill level 2 in Dodging
  1260 | D:2      | Reached XP level 3. HP: 24/26 MP: 0/6
  1265 | D:2      | Learned a level 3 spell: Stone Arrow
  1966 | D:2      | Found a runed translucent door.
  1967 | D:2      | Noticed Crazy Yiuf
  2252 | D:2      | Killed Crazy Yiuf
  2253 | D:2      | Reached skill level 1 in Earth Magic
  2253 | D:2      | Reached XP level 4. HP: 10/33 MP: 2/7
  2253 | D:2      | HP: 8/33 [poisoned by Crazy Yiuf]
  2258 | D:2      | HP: 3/33 [poisoned by Crazy Yiuf]
  2260 | D:2      | HP: 1/33 [poisoned by Crazy Yiuf]
  2304 | D:2      | Identified the +1 mace of Royalism {freeze, Int+4 Dex+5}
  2895 | D:3      | Reached skill level 2 in Earth Magic
  3825 | D:3      | Reached skill level 2 in Stealth
  3825 | D:3      | Reached XP level 5. HP: 38/38 MP: 3/8
  3926 | D:4      | Reached skill level 5 in Conjurations
  4340 | D:4      | Reached skill level 3 in Spellcasting
  4458 | D:4      | Reached skill level 1 in Maces & Flails
  4458 | D:4      | Reached XP level 6. HP: 46/46 MP: 4/10
  4764 | D:3      | magus.rc [v1.9.6]
  4905 | D:4      | Found a shadowy altar of Dithmenos.
  5247 | D:4      | Found a faded altar of an unknown god.
  5247 | D:4      | Found a hazy altar of Hepliaklqana.
  5266 | D:4      | Found a faded altar of an unknown god.
  5360 | D:4      | Reached skill level 3 in Earth Magic
  5493 | D:5      | Entered Level 5 of the Dungeon
  5493 | D:5      | Found a radiant altar of Vehumet.
  5514 | D:5      | Became a worshipper of Vehumet
  5844 | D:5      | Your scales start taking on a rich purple colour.
  5844 | D:5      | Reached skill level 4 in Spellcasting
  5844 | D:5      | Reached XP level 7. HP: 37/51 MP: 9/13
  5937 | D:5      | Reached skill level 3 in Stealth
  6101 | D:5      | Reached skill level 1 in Translocations
  6116 | D:5      | Reached skill level 2 in Maces & Flails
  6247 | D:5      | Reached skill level 1 in Fighting
  6247 | D:5      | Reached skill level 3 in Dodging
  6584 | D:5      | You pick up a book of Minor Magic and begin reading...
  6584 | D:5      | You add the spells Call Imp and Mephitic Cloud to your
                  | library.
  6772 | D:5      | magus.rc [v1.9.6]
  6814 | D:5      | Reached skill level 5 in Spellcasting
  6960 | D:6      | Reached skill level 2 in Translocations
  6960 | D:6      | Reached XP level 8. HP: 48/59 MP: 3/15
  7104 | D:6      | Reached skill level 1 in Poison Magic
  7212 | D:6      | Found an opulent altar of Gozag.
  7238 | D:6      | Reached skill level 1 in Air Magic
  7255 | D:6      | Noticed Grinder
  7271 | D:6      | Found a blossoming altar of Fedhas.
  7325 | D:6      | Noticed Sigmund
  7467 | D:6      | Killed Sigmund
  7468 | D:6      | Reached skill level 6 in Conjurations
  7468 | D:6      | Reached skill level 4 in Earth Magic
  7706 | D:6      | Killed Grinder
  7907 | D:7      | Reached skill level 2 in Air Magic
  7913 | D:7      | HP: 14/60 [orc priest/divine providence (11)]
  7918 | D:7      | Killed from afar by an orc priest

Vanquished Creatures
  Grinder (D:6)
  Sigmund (D:6)
  A water moccasin (D:5)
  An ice beast (D:6)
  A phantom (D:5)
  4 scorpions
  A water moccasin skeleton (D:5)
  2 hounds
  A centaur skeleton (D:6)
  2 jellies (D:4)
  Crazy Yiuf (D:2)
  A bullfrog skeleton (D:5)
  6 orc wizards
  2 hound skeletons (D:5)
  8 adders
  3 gnolls
  A white imp (D:6)
  A worm (D:5)
  3 dart slugs
  17 orcs
  11 ball pythons
  12 endoplasms
  5 giant cockroaches
  5 goblins
  8 hobgoblins
  11 jackals
  A quokka (D:5)
  6 bats
  2 frilled lizards
  12 kobolds
  4 rats (D:3)
135 creatures vanquished.

Vanquished Creatures (others)
  2 fungi (D:4)
  6 toadstools (D:4)
8 creatures vanquished.

Grand Total: 143 creatures vanquished

Table legend:
 A = Non-vault XP
 B = Vault XP
 C = Vault XP percentage of total XP
 D = Non-vault monster count
 E = Vault monster count
 F = Vault count percentage of total count
                 A         B        C        D         E       F
            +---------+---------+-------+---------+---------+-------
      Total |    1523 |     665 |  30.4 |     113 |      22 |  16.3
            +---------+---------+-------+---------+---------+-------
        D:1 |      31 |       0 |   0.0 |      17 |       0 |   0.0
        D:2 |      61 |      39 |  39.0 |      14 |       1 |   6.7
        D:3 |      77 |       0 |   0.0 |      24 |       0 |   0.0
        D:4 |     245 |     113 |  31.6 |      25 |      19 |  43.2
        D:5 |     710 |       0 |   0.0 |      20 |       0 |   0.0
        D:6 |     361 |     513 |  58.7 |      11 |       2 |  15.4
        D:7 |      38 |       0 |   0.0 |       2 |       0 |   0.0
            +---------+---------+-------+---------+---------+-------

Illustrated notes

Table legend:
 A = Kills in this place as a percentage of kills in entire the game.
 B = Kills by you in this place as a percentage of kills by you in the entire game.
 C = Kills by friends in this place as a percentage of kills by friends in the entire game.
 D = Other kills in this place as a percentage of other kills in the entire game.
 E = Experience gained in this place as a percentage of experience gained in the entire game.
 F = Experience gained in this place divided by the number of levels of this place that you have seen.
                   A       B       C       D       E      F
               +-------+-------+-------+-------+-------+----------------------
         Total | 100.0 | 100.0 |   N/A |   N/A | 100.0 | 312.6
       Dungeon | 100.0 | 100.0 |   N/A |   N/A | 100.0 | 312.6
               +-------+-------+-------+-------+-------+----------------------

Table legend: (Time is in decaauts)
 A = Elapsed time spent in this place.
 B = Non-inter-level travel time spent in this place.
 C = Inter-level travel time spent in this place.
 D = Time resting spent in this place.
 E = Time spent auto-exploring this place.
 F = Levels seen in this place.
 G = Mean time per level.
                   A        B        C        D        E       F      G
               +--------+--------+--------+--------+--------+-----+--------+
         Total |   7952 |   7629 |    323 |   1392 |   5186 |   7 | 1136.0 |
       Dungeon |   7952 |   7629 |    323 |   1392 |   5186 |   7 | 1136.0 |
               +--------+--------+--------+--------+--------+-----+--------+

Top non-repeatable levels by time:
     D:3: 1604 daAuts
     D:4: 1447 daAuts
     D:5: 1366 daAuts
     D:2: 1331 daAuts
     D:1: 1258 daAuts
     D:6: 901 daAuts
     D:7: 41 daAuts
